TOP OF THE 1ST |
Kansas City Royals batting - Pitching for Texas Rangers : LHP Wayne Perry
|
Pitching: LHP Wayne Perry
|
|
Batting: RHB Imbart Faber
|
0-0: Called Strike 0-1: Ball 1-1: Ball 2-1: Called Strike 2-2: Ball 3-2: Strikes out swinging
|
Batting: LHB Roman Downey
|
0-0: Ball 1-0: Called Strike 1-1: Ball 2-1: Ground out 6-3 (Groundball, 6, EV 80.6 MPH)
|
Batting: LHB Mike Meyerhoff
|
0-0: Called Strike 0-1: Called Strike 0-2: Ball 1-2: Fly out, F8 (Flyball, 8LXD, EV 94.4 MPH)
|
Top of the 1st over - 0 runs, 0 hits, 0 errors, 0 left on base; Kansas City 0 - Texas 0 |
BOTTOM OF THE 1ST |
Texas Rangers batting - Pitching for Kansas City Royals : LHP John Brooks
|
Pitching: LHP John Brooks
|
|
Batting: SHB Vince Ealy
|
0-0: Called Strike 0-1: Ground out 5-3 (Groundball, 56S, EV 73.1 MPH)
|
Batting: RHB Zhao-ji Chi
|
0-0: Foul Ball, location: 2F 0-1: Swinging Strike 0-2: Ball 1-2: Ball 2-2: Strikes out swinging
|
Batting: RHB Vincent Poopwell
|
0-0: Ball 1-0: Ball 2-0: Called Strike 2-1: Swinging Strike 2-2: Strikes out swinging
|
Bottom of the 1st over - 0 runs, 0 hits, 0 errors, 0 left on base; Kansas City 0 - Texas 0 |
TOP OF THE 2ND |
Kansas City Royals batting - Pitching for Texas Rangers : LHP Wayne Perry
|
Batting: RHB Mike Jaquez
|
0-0: SINGLE (Groundball, 34D, EV 100.6 MPH)
|
Batting: SHB Gil Switzer
|
0-0: Fly out, F8 (Flyball, 8LM, EV 88.1 MPH)
|
Batting: RHB Bob Najar
|
0-0: Ball 1-0: Called Strike Mike Jaquez steals 2nd base (no throw) 1-1: Called Strike 1-2: Foul Ball, location: 2F 1-2: Ground out 5-3 (Groundball, 56S, EV 90.0 MPH)
|
Batting: SHB Jose Pacheco
|
0-0: Ball 1-0: Foul Ball, location: 2F 1-1: Ball 2-1: SINGLE (Line Drive, 78S, EV 103.8 MPH) Mike Jaquez to third Runner from 3rd tries for Home, SAFE, throw by LF to home
|
Batting: LHB Bill Baconneck
|
0-0: Foul Ball, location: 2F 0-1: Foul Ball, location: 2F 0-2: Ball 1-2: Fielders Choice at 2nd, 6-4 (Groundball, 6, EV 103.8 MPH)
|
Top of the 2nd over - 1 run, 2 hits, 0 errors, 1 left on base; Kansas City 1 - Texas 0 |
BOTTOM OF THE 2ND |
Texas Rangers batting - Pitching for Kansas City Royals : LHP John Brooks
|
Batting: RHB Rodolfo Contreras
|
0-0: Called Strike 0-1: Foul Ball, location: 2F 0-2: Ball 1-2: DOUBLE (Line Drive, 9LS, EV 106.2 MPH)
|
Batting: SHB John Giesbrecht
|
0-0: Ball 1-0: Ground out 6-3 (Groundball, 6, EV 106.2 MPH)
|
Batting: RHB Butch Kaiser
|
0-0: Foul Ball, location: 2F 0-1: Ball 1-1: Ball 2-1: Foul Ball, location: 2F 2-2: Strikes out swinging
|
Batting: SHB Addick de Vries
|
0-0: Ball 1-0: Ball 2-0: Ball 3-0: Called Strike 3-1: Base on Balls
|
Batting: LHB Cody Schumacher
|
0-0: Fly out, F7 (Flyball, 7, EV 96.2 MPH)
|
Bottom of the 2nd over - 0 runs, 1 hit, 0 errors, 2 left on base; Kansas City 1 - Texas 0 |
TOP OF THE 3RD |
Kansas City Royals batting - Pitching for Texas Rangers : LHP Wayne Perry
|
Batting: RHB Mikolas Markus
|
0-0: Ball 1-0: Foul Ball, location: 2F 1-1: Called Strike 1-2: Ball 2-2: Ball 3-2: Base on Balls
|
Batting: RHB Imbart Faber
|
0-0: SINGLE (Groundball, 4D, EV 103.1 MPH) Mikolas Markus to second
|
Batting: LHB Roman Downey
|
0-0: Ball 1-0: Foul Ball, location: 2F 1-1: Foul Ball, location: 2F 1-2: Fielders Choice at 2nd, 4-6 (Groundball, 34D, EV 83.8 MPH) Mikolas Markus to third
|
Batting: LHB Mike Meyerhoff
|
0-0: Foul Ball, location: 2F 0-1: Foul Ball, location: 2F 0-2: SINGLE (Groundball, 56, EV 101.9 MPH) Mikolas Markus scores Roman Downey to second
|
Batting: RHB Mike Jaquez
|
0-0: Called Strike 0-1: Grounds into double play, 6-4-3 (Groundball, 6, EV 87.5 MPH)
|
Top of the 3rd over - 1 run, 2 hits, 0 errors, 1 left on base; Kansas City 2 - Texas 0 |
BOTTOM OF THE 3RD |
Texas Rangers batting - Pitching for Kansas City Royals : LHP John Brooks
|
Batting: RHB Danny Heyer
|
0-0: Ball 1-0: Ball 2-0: Ball 3-0: Base on Balls
|
Batting: SHB Vince Ealy
|
0-0: 2-RUN HOME RUN (Flyball, 7LD, EV 91.2 MPH), Distance : 355 ft
|
Batting: RHB Zhao-ji Chi
|
0-0: Called Strike 0-1: Ball 1-1: Ground out 6-3 (Groundball, 6, EV 87.5 MPH)
|
Batting: RHB Vincent Poopwell
|
0-0: SINGLE (Line Drive, 9S, EV 106.9 MPH)
|
Batting: RHB Rodolfo Contreras
|
0-0: Ball Vincent Poopwell is caught stealing 2nd base 2-4 1-0: Foul Ball, location: 2F 1-1: Foul Ball, location: 2F 1-2: Ball 2-2: Ball 3-2: Ground out 6-3 (Groundball, 6, EV 100.0 MPH)
|
Bottom of the 3rd over - 2 runs, 2 hits, 0 errors, 0 left on base; Kansas City 2 - Texas 2 |
TOP OF THE 4TH |
Kansas City Royals batting - Pitching for Texas Rangers : LHP Wayne Perry
|
Batting: SHB Gil Switzer
|
0-0: SINGLE (Groundball, 56D, EV 98.1 MPH)
|
Batting: RHB Bob Najar
|
0-0: Foul Ball, location: 2F 0-1: Foul Ball, location: 2F 0-2: Foul Ball, location: 2F 0-2: Fly out, F3 (Popup, 23F, EV 78.8 MPH)
|
Batting: SHB Jose Pacheco
|
0-0: Grounds into double play, 4-6-3 (Groundball, 4MS, EV 81.2 MPH)
|
Top of the 4th over - 0 runs, 1 hit, 0 errors, 0 left on base; Kansas City 2 - Texas 2 |
BOTTOM OF THE 4TH |
Texas Rangers batting - Pitching for Kansas City Royals : LHP John Brooks
|
Batting: SHB John Giesbrecht
|
0-0: Swinging Strike 0-1: Foul Ball, location: 2F 0-2: Strikes out swinging
|
Batting: RHB Butch Kaiser
|
0-0: SINGLE (Line Drive, 6M, EV 95.6 MPH)
|
Batting: SHB Addick de Vries
|
0-0: Foul Ball, location: 2F 0-1: Foul Ball, location: 2F 0-2: Ball 1-2: Ball 2-2: Ball 3-2: Grounds into double play, 6-4-3 (Groundball, 6, EV 94.4 MPH)
|
Bottom of the 4th over - 0 runs, 1 hit, 0 errors, 0 left on base; Kansas City 2 - Texas 2 |
TOP OF THE 5TH |
Kansas City Royals batting - Pitching for Texas Rangers : LHP Wayne Perry
|
Batting: LHB Bill Baconneck
|
0-0: Ball 1-0: Ball 2-0: Ball 3-0: SINGLE (Flyball, 78S, EV 98.1 MPH)
|
Batting: RHB Mikolas Markus
|
0-0: Ball 1-0: Swinging Strike 1-1: Ball 2-1: Ball 3-1: Base on Balls Bill Baconneck to second
|
Batting: RHB Imbart Faber
|
0-0: Ball 1-0: Called Strike 1-1: Foul Ball, location: 2F 1-2: Foul Ball, location: 2F 1-2: Ball 2-2: Ball 3-2: Foul Ball, location: 2F 3-2: SINGLE (Line Drive, 78S, EV 93.1 MPH) Bill Baconneck to third Mikolas Markus to second Throwing error, E7 Bill Baconneck scores Mikolas Markus to third Imbart Faber to second
|
Batting: LHB Roman Downey
|
0-0: Ground out 6-3 (Groundball, 6, EV 79.4 MPH)
|
Batting: LHB Mike Meyerhoff
|
0-0: Swinging Strike 0-1: Ball 1-1: Called Strike 1-2: DOUBLE (Line Drive, 7LD, EV 106.9 MPH) Mikolas Markus scores Imbart Faber scores
|
Pitching: LHP Justin Harris
|
|
Batting: RHB Mike Jaquez
|
0-0: Ball 1-0: Ball 2-0: Swinging Strike 2-1: Swinging Strike 2-2: Ball 3-2: Strikes out swinging
|
Batting: SHB Gil Switzer
|
0-0: Ball 1-0: Ball 2-0: Ball 3-0: Base on Balls
|
Batting: RHB Bob Najar
|
0-0: Called Strike 0-1: Ball 1-1: Ball 2-1: Foul Ball, location: 2F 2-2: Ball 3-2: Foul Ball, location: 2F 3-2: Base on Balls Mike Meyerhoff to third Gil Switzer to second
|
Batting: SHB Jose Pacheco
|
0-0: Called Strike 0-1: Swinging Strike 0-2: Ball 1-2: Foul Ball, location: 2F 1-2: Ball 2-2: Ball 3-2: Strikes out looking
|
Top of the 5th over - 3 runs, 3 hits, 1 error, 3 left on base; Kansas City 5 - Texas 2 |
BOTTOM OF THE 5TH |
Texas Rangers batting - Pitching for Kansas City Royals : LHP John Brooks
|
Batting: LHB Cody Schumacher
|
0-0: Called Strike 0-1: Ball 1-1: SINGLE (Line Drive, 89S, EV 104.4 MPH)
|
Batting: RHB Danny Heyer
|
0-0: Foul Ball, location: 2F 0-1: Ball Cody Schumacher steals 2nd base 1-1: Foul Ball, location: 2F 1-2: Foul Ball, location: 2F 1-2: Ball 2-2: Strikes out looking
|
Batting: SHB Vince Ealy
|
0-0: Ball 1-0: Called Strike 1-1: Foul Ball, location: 2F 1-2: Strikes out looking
|
Batting: RHB Zhao-ji Chi
|
0-0: Called Strike 0-1: Ball 1-1: Foul Ball, location: 2F 1-2: Foul Ball, location: 2F 1-2: Foul Ball, location: 2F 1-2: Ball Wild Pitch! Cody Schumacher to third 2-2: Foul Ball, location: 2F 2-2: Ball 3-2: Ground out 6-3 (Groundball, 6, EV 88.8 MPH)
|
Bottom of the 5th over - 0 runs, 1 hit, 0 errors, 1 left on base; Kansas City 5 - Texas 2 |
TOP OF THE 6TH |
Kansas City Royals batting - Pitching for Texas Rangers : LHP Justin Harris
|
Batting: LHB Bill Baconneck
|
0-0: Ball 1-0: Ball 2-0: Ball 3-0: Base on Balls
|
Batting: RHB Mikolas Markus
|
0-0: Called Strike 0-1: Foul Ball, location: 2F 0-2: Foul Ball, location: 2F 0-2: Ball 1-2: Strikes out looking
|
Batting: RHB Imbart Faber
|
0-0: Ball 1-0: Swinging Strike 1-1: Ball 2-1: Foul Ball, location: 2F 2-2: SINGLE (Groundball, 6MD, EV 104.4 MPH) Bill Baconneck to second
|
Batting: LHB Roman Downey
|
0-0: Ball 1-0: Called Strike 1-1: Ball 2-1: Foul Ball, location: 2F 2-2: Foul Ball, location: 2F 2-2: SINGLE (Flyball, 3D, EV 89.4 MPH) Bill Baconneck to third Imbart Faber to second
|
Batting: LHB Mike Meyerhoff
|
0-0: Ball 1-0: Ball 2-0: Called Strike 2-1: Ball 3-1: Base on Balls Bill Baconneck scores Imbart Faber to third Roman Downey to second
|
Batting: RHB Mike Jaquez
|
0-0: Called Strike 0-1: Ball 1-1: Ball 2-1: Ball 3-1: Base on Balls Imbart Faber scores Roman Downey to third Mike Meyerhoff to second
|
Batting: SHB Gil Switzer
|
0-0: Ball 1-0: Ball 2-0: Ball 3-0: Called Strike 3-1: Foul Ball, location: 2F 3-2: GRAND SLAM HOME RUN (Flyball, 78XD, EV 101.2 MPH), Distance : 401 ft
|
Pitching: RHP Andrew Coker
|
|
Batting: RHB Bob Najar
|
0-0: Called Strike 0-1: Ball 1-1: SINGLE (Groundball, 4M, EV 108.8 MPH) (infield hit)
|
Batting: SHB Jose Pacheco
|
0-0: SINGLE (Groundball, 4S, EV 61.9 MPH) (infield hit) Bob Najar to second
|
Batting: LHB Bill Baconneck
|
0-0: Called Strike 0-1: Ball 1-1: Ball 2-1: Grounds into double play, 1-6-3 (Groundball, 34S, EV 73.1 MPH)
|
Top of the 6th over - 6 runs, 5 hits, 0 errors, 1 left on base; Kansas City 11 - Texas 2 |
BOTTOM OF THE 6TH |
Texas Rangers batting - Pitching for Kansas City Royals : LHP John Brooks
|
Batting: RHB Vincent Poopwell
|
0-0: Ball 1-0: Ball 2-0: Foul Ball, location: 2F 2-1: Ball 3-1: Fly out, F4 (Popup, 34S, EV 61.9 MPH)
|
Batting: RHB Rodolfo Contreras
|
0-0: Called Strike 0-1: Ball 1-1: Foul Ball, location: 2F 1-2: Ball 2-2: Strikes out swinging
|
Batting: SHB John Giesbrecht
|
0-0: Called Strike 0-1: Ball 1-1: Ball 2-1: Foul Ball, location: 2F 2-2: Ball 3-2: Fly out, F9 (Flyball, 9D, EV 98.8 MPH)
|
Bottom of the 6th over - 0 runs, 0 hits, 0 errors, 0 left on base; Kansas City 11 - Texas 2 |
TOP OF THE 7TH |
Kansas City Royals batting - Pitching for Texas Rangers : RHP Andrew Coker
|
Batting: RHB Mikolas Markus
|
0-0: Foul Ball, location: 2F 0-1: Ball 1-1: Foul Ball, location: 2F 1-2: Ball 2-2: Foul Ball, location: 2F 2-2: Foul Ball, location: 2F 2-2: Fly out, F8 (Flyball, 8LD, EV 93.1 MPH)
|
Batting: RHB Imbart Faber
|
0-0: Called Strike 0-1: Fly out, F9 (Flyball, 9, EV 95.6 MPH)
|
Batting: LHB Roman Downey
|
0-0: Called Strike 0-1: Ground out 5-3 (Groundball, 56, EV 88.8 MPH)
|
Top of the 7th over - 0 runs, 0 hits, 0 errors, 0 left on base; Kansas City 11 - Texas 2 |
BOTTOM OF THE 7TH |
Texas Rangers batting - Pitching for Kansas City Royals : LHP John Brooks
|
Batting: RHB Butch Kaiser
|
0-0: Ball 1-0: Ball 2-0: Called Strike 2-1: Ball 3-1: Ground out 6-3 (Groundball, 6, EV 88.8 MPH)
|
Batting: SHB Addick de Vries
|
0-0: Ball 1-0: Ball 2-0: Ball 3-0: Base on Balls
|
Pitching: RHP Joe Noonan
|
|
Batting: LHB Cody Schumacher
|
0-0: Ball 1-0: SINGLE (Flyball, 6MD, EV 85.6 MPH) Addick de Vries to second
|
Batting: RHB Danny Heyer
|
0-0: Called Strike 0-1: Swinging Strike 0-2: Ball 1-2: Strikes out swinging
|
Batting: SHB Vince Ealy
|
0-0: Ball 1-0: SINGLE (Line Drive, 89S, EV 93.8 MPH) Addick de Vries to third Cody Schumacher to second Runner from 3rd tries for Home, SAFE, throw by RF to home
|
Batting: RHB Zhao-ji Chi
|
0-0: SINGLE (Flyball, 78S, EV 89.4 MPH) Cody Schumacher to third Vince Ealy to second Runner from 3rd tries for Home, SAFE, throw by LF to home
|
Batting: RHB Vincent Poopwell
|
0-0: Swinging Strike 0-1: Ball 1-1: Foul Ball, location: 2F 1-2: Strikes out swinging
|
Bottom of the 7th over - 2 runs, 3 hits, 0 errors, 2 left on base; Kansas City 11 - Texas 4 |
TOP OF THE 8TH |
Kansas City Royals batting - Pitching for Texas Rangers : RHP Andrew Coker
|
Batting: LHB Mike Meyerhoff
|
0-0: Called Strike 0-1: Ball 1-1: Foul Ball, location: 2F 1-2: Ball 2-2: Ball 3-2: Fly out, F9 (Flyball, 89S, EV 91.2 MPH)
|
Batting: RHB Mike Jaquez
|
0-0: Swinging Strike 0-1: Foul Ball, location: 2F 0-2: Strikes out swinging
|
Batting: SHB Gil Switzer
|
0-0: Ball 1-0: Foul Ball, location: 2F 1-1: Fly out, F7 (Flyball, 7, EV 91.9 MPH)
|
Top of the 8th over - 0 runs, 0 hits, 0 errors, 0 left on base; Kansas City 11 - Texas 4 |
BOTTOM OF THE 8TH |
Texas Rangers batting - Pitching for Kansas City Royals : RHP Joe Noonan
|
Batting: RHB Rodolfo Contreras
|
0-0: Ball 1-0: Ball 2-0: Foul Ball, location: 2F 2-1: Ground out 6-3 (Groundball, 6, EV 103.1 MPH)
|
Batting: SHB John Giesbrecht
|
0-0: Called Strike 0-1: Ball 1-1: Swinging Strike 1-2: Strikes out swinging
|
Batting: RHB Butch Kaiser
|
0-0: Called Strike 0-1: Ball 1-1: Swinging Strike 1-2: Strikes out swinging
|
Bottom of the 8th over - 0 runs, 0 hits, 0 errors, 0 left on base; Kansas City 11 - Texas 4 |
TOP OF THE 9TH |
Kansas City Royals batting - Pitching for Texas Rangers : RHP Andrew Coker
|
Batting: RHB Bob Najar
|
0-0: Swinging Strike 0-1: Ball 1-1: Fly out, F9 (Flyball, 9S, EV 81.9 MPH)
|
Batting: SHB Jose Pacheco
|
0-0: Foul Ball, location: 2F 0-1: Foul Ball, location: 2F 0-2: Fly out, F8 (Flyball, 8LD, EV 83.1 MPH)
|
Batting: LHB Bill Baconneck
|
0-0: Ball 1-0: DOUBLE (Flyball, 78XD, EV 106.2 MPH)
|
Batting: RHB Mikolas Markus
|
0-0: Foul Ball, location: 2F 0-1: Ground out 6-3 (Groundball, 6, EV 102.5 MPH)
|
Top of the 9th over - 0 runs, 1 hit, 0 errors, 1 left on base; Kansas City 11 - Texas 4 |
BOTTOM OF THE 9TH |
Texas Rangers batting - Pitching for Kansas City Royals : RHP Joe Noonan
|
Batting: SHB Addick de Vries
|
0-0: Swinging Strike 0-1: Called Strike 0-2: Strikes out swinging
|
Batting: LHB Cody Schumacher
|
0-0: Ball 1-0: Called Strike 1-1: Called Strike 1-2: Strikes out swinging
|
Batting: RHB Danny Heyer
|
0-0: Foul Ball, location: 2F 0-1: SINGLE (Line Drive, 3D, EV 100.0 MPH)
|
Pitching: LHP John Hall
|
|
Batting: SHB Vince Ealy
|
0-0: Called Strike 0-1: Ball 1-1: Foul Ball, location: 2F 1-2: SINGLE (Line Drive, 6MD, EV 95.6 MPH) Danny Heyer to second
|
Batting: RHB Zhao-ji Chi
|
0-0: Ball 1-0: Called Strike 1-1: Called Strike 1-2: SINGLE (Groundball, 6MD, EV 98.8 MPH) Danny Heyer to third Vince Ealy to second
|
Batting: RHB Vincent Poopwell
|
0-0: Called Strike 0-1: Ball 1-1: Called Strike 1-2: Ball 2-2: Ball 3-2: Strikes out swinging
|
Bottom of the 9th over - 0 runs, 3 hits, 0 errors, 3 left on base; Kansas City 11 - Texas 4 |
|